 Dungeon Crawl Stone Soup version 0.30-a0-23-ge60ba3568b (webtiles) character file.

Game seed: 16035428285516279162

363 Cedruin the Chopper (level 6, -3/48 HPs)
             Began as a Demonspawn Gladiator on Aug 24, 2022.
             Slain by an ogre
             ... wielding a +0 giant club
              (18 damage)
             ... on level 4 of the Dungeon.
             The game lasted 00:04:27 (3629 turns).

Cedruin the Chopper (Demonspawn Gladiator)          Turns: 3629, Time: 00:04:30

Health: -3/48      AC: 11    Str: 16    XL:     6   Next: 39%
Magic:  6/6        EV: 14    Int:  9    God:
Gold:   319        SH:  4    Dex: 21    Spells: 5/5 levels left

rFire   . . .      SeeInvis .    a - +0 war axe
rCold   . . .      Faith    .    h - +0 buckler
rNeg    . . .      Spirit   .    o - +1 scale mail
rPois   .          Reflect  .    (helmet restricted)
rElec   .          Harm     .    (no cloak)
rCorr   .          Rampage  .    (no gloves)
Will    .....                    (no boots)
Stlth   ..........               (no amulet)
HPRegen 0.16/turn                j - +6 ring of dexterity
MPRegen 0.10/turn                t - +4 ring of protection

@: no status effects
A: horns 1, repulsion field 2
a: no special abilities


You were on level 4 of the Dungeon.
You visited 1 branch of the dungeon, and saw 4 of its levels.

You collected 319 gold pieces.

Inventory:

Hand Weapons
 a - a +0 war axe (weapon)
Missiles
 e - a javelin (quivered)
Armour
 h - a +0 buckler (worn)
 o - a +1 scale mail (worn)
Jewellery
 j - a +6 ring of dexterity (left hand)
 t - a +4 ring of protection (right hand)
Scrolls
 b - a scroll of identify
 c - 2 scrolls of enchant armour
 k - a scroll of teleportation
 l - 2 scrolls of amnesia
 u - a scroll of poison
Potions
 g - a potion of lignification
 i - 2 potions of haste
 m - a potion of invisibility
 n - a potion of attraction
 p - a potion of ambrosia
 r - a potion of curing {unknown}


   Skills:
 + Level 3.7 Fighting
 * Level 5.0 Axes
 - Level 1.7 Throwing
 + Level 4.0 Dodging


You had 5 spell levels left.
You didn't know any spells.
Your spell library was empty.

Dungeon Overview and Level Annotations

Branches:
Dungeon (4/15)
 Temple: D:4-7

Altars:
Kikubaaqudgha
Okawaru
Wu Jian

Shops:
D:3 [


Innate Abilities, Weirdness & Mutations

You have a pair of small horns on your head.
You are surrounded by a moderate repulsion field. (EV +3)


Message History

You completely miss the giant cockroach.
The giant cockroach bites you but does no damage.
The giant cockroach closely misses you.
You hit the giant cockroach.
The giant cockroach is almost dead.
The giant cockroach barely misses you.
You slash the giant cockroach!
You kill the giant cockroach!
You barely miss the ogre. You barely miss the black bear.
An endoplasm comes into view.
The black bear bites you.
The black bear claws you but does no damage. x2
The ogre hits you with a +0 giant club!
The endoplasm quivers.
You hit the black bear.
The black bear is lightly wounded.
You barely miss the ogre. The black bear bites you.
The black bear closely misses you.
The black bear claws you but does no damage.
The ogre closely misses you.
You barely miss the black bear.
The black bear is lightly wounded.
You hit the ogre.
The black bear bites you but does no damage.
The black bear claws you but does no damage. x2
Unknown command.
You slash the black bear!
The black bear is heavily wounded.
You closely miss the ogre. The black bear closely misses you.
The black bear claws you but does no damage.
You block the black bear's attack.
The ogre hits you with a +0 giant club!!
The black bear closely misses you. x2; The black bear barely misses you.
Throw: throwing net
Press: ? - help, Q - select action, (/) - cycle Shift-Dir - straight line, f - ogre
Aim: an ogre, wielding a +0 giant club (lightly wounded, 77% to hit)
You throw a throwing net.
The throwing net barely misses the ogre.
The ogre hits you with a +0 giant club!!
You die...

..........# ..
..........# ...
....!.....##....
............#
..#.......###
#.##........J..# #...
#..(.....(####
#.####....h†O.#..##
#####....#.....@......#
.#.#............###...##
.......##......####..###
#................#.....#
#.##<..............##..#
#..##.####.....#...##..##
......###......##.......#
............#.#####.#...#
....†.#....#### ####.##


You could see a black bear, an ogre and an endoplasm.

Vanquished Creatures
  Grinder (D:3)
  3 gnolls (D:2)
  4 adders
  A worm (D:2)
  3 dart slugs (D:2)
  6 orcs (D:3)
  9 bats
  5 endoplasms
  2 giant cockroaches
  7 goblins
  8 hobgoblins
  2 jackals
  6 kobolds
  2 quokkas
  7 ball pythons
  5 frilled lizards
  6 rats
77 creatures vanquished.

Vanquished Creatures (others)
  6 plants (D:2)
6 creatures vanquished.

Grand Total: 83 creatures vanquished

Notes
Turn   | Place    | Note
-------+----------+-------------------------------------------
     0 | D:1      | Cedruin the Demonspawn Gladiator began the quest for the
                  | Orb.
     0 | D:1      | Reached XP level 1. HP: 16/16 MP: 1/1
   261 | D:1      | Reached skill level 3 in Axes
   264 | D:1      | Gained mutation: You are surrounded by a mild repulsion
                  | field. (EV +2) [demonic ancestry]
   264 | D:1      | Reached XP level 2. HP: 22/22 MP: 2/2
   563 | D:1      | Found a faded altar of an unknown god.
  1199 | D:1      | Gained mutation: You have a pair of small horns on your
                  | head. [demonic ancestry]
  1199 | D:1      | Reached XP level 3. HP: 27/28 MP: 3/3
  1653 | D:2      | Reached XP level 4. HP: 26/34 MP: 4/4
  2537 | D:3      | Reached skill level 4 in Axes
  2794 | D:3      | Noticed Grinder
  2794 | D:3      | Paralysed by Grinder for 2 turns
  2804 | D:3      | Paralysed by Grinder for 5 turns
  2815 | D:3      | Paralysed by Grinder for 2 turns
  2829 | D:3      | Killed Grinder
  2830 | D:3      | Reached XP level 5. HP: 9/41 MP: 5/5
  2830 | D:3      | Gained mutation: You are surrounded by a moderate repulsion
                  | field. (EV +3) [demonic ancestry]
  2830 | D:3      | Reached XP level 6. HP: 11/47 MP: 6/6
  2830 | D:3      | Found an iron altar of Okawaru.
  3099 | D:3      | Found Tommaora's Armour Shoppe.
  3185 | D:3      | Reached skill level 5 in Axes
  3229 | D:3      | Found an ancient bone altar of Kikubaaqudgha.
  3277 | D:3      | Found an ornate altar of the Wu Jian Council.
  3629 | D:4      | Slain by an ogre

Illustrated notes

Levels and vault maps discovered:
D:1:      ncdulo_wetmaze, layout_loops_corners,
          hellmonk_ecumenical_altar_blasted
D:2:      cheibrodos_old_hovel, layout_rooms, serial_rivers,
          chequers_serial_rivers_micro_c, chequers_serial_rivers_micro_b,
          chequers_serial_rivers_small_a, chequers_serial_rivers_room_a,
          kennysheep_generic_room_6
D:3:      layout_basic, nicolae_wu_jian_wuxing_cycle, okawaru_metal_pillars_1_2,
          marbit_many_paths, serial_shops, shop, minmay_circle_x, uniq_grinder
D:4:      layout_cave_pools, gammafunk_temple_overflow_elements,
          hangedman_decor_lopped, goddamned_bats

Skill      XL: |  1  2  3  4  5  6 |
---------------+-------------------+-----
Axes           | 3 4 5 |  5.0
Dodging        | 3 4 |  4.0
Fighting       | 3 |  3.7
Throwing       | |  1.7

Action                   |  1- 3 |  4- 6 || total
-------------------------+-------+-------++-------
Melee: War axe           |    98 |    88 ||   186
       Headbutt          |     9 |    15 ||    24
Throw: Throwing net      |     1 |     5 ||     6
  Use: Scroll            |     3 |    11 ||    14
 Stab: Held in net/web   |     1 |       ||     1
Armor: Leather armour    |     6 |       ||     6
       Ring mail         |    27 |     4 ||    31
       Scale mail        |       |    32 ||    32
Dodge: Dodged            |    76 |    58 ||   134
Block: Buckler           |    16 |    12 ||    28

Table legend: (Time is in decaauts)
 A = Elapsed time spent in this place.
 B = Non-inter-level travel time spent in this place.
 C = Inter-level travel time spent in this place.
 D = Time resting spent in this place.
 E = Time spent auto-exploring this place.
 F = Levels seen in this place.
 G = Mean time per level.
                   A        B        C        D        E       F      G
               +--------+--------+--------+--------+--------+-----+--------+
         Total |   3702 |   3599 |    103 |    172 |   2829 |   4 |  925.5 |
       Dungeon |   3702 |   3599 |    103 |    172 |   2829 |   4 |  925.5 |
               +--------+--------+--------+--------+--------+-----+--------+

Top non-repeatable levels by time:
     D:2: 1308 daAuts
     D:1: 1273 daAuts
     D:3: 1062 daAuts
     D:4: 57 daAuts
